 Dungeon Crawl Stone Soup version 0.28.0-47-ge53b351184 (webtiles) character file.

Game seed: 10148517504813776181

7 GigaChad the Shield-Bearer (level 1, -1/20 HPs)
             Began as a Minotaur Fighter on May 7, 2022.
             Slain by a kobold
             ... wielding a +2 short sword of venom
              (3 damage)
             ... on level 1 of the Dungeon.
             The game lasted 00:00:39 (333 turns).

GigaChad the Shield-Bearer (Minotaur Fighter)        Turns: 333, Time: 00:00:42

Health: -1/20      AC: 11    Str: 20    XL:     1   Next: 91%
Magic:  0/0        EV:  5    Int:  5    God:
Gold:   25         SH:  4    Dex:  9    Spells: 0/0 levels left

rFire   . . .      SeeInvis .   a - +0 long sword
rCold   . . .      Faith    .   c - +0 buckler
rNeg    . . .      Spirit   .   e - +0 plate armour
rPois   .          Reflect  .   (helmet restricted)
rElec   .          Harm     .   (no cloak)
rCorr   .          Rampage  .   (no gloves)
Will    .....                   (no boots)
Stlth   ..........              (no amulet)
HPRegen 0.06/turn               (no ring)
MPRegen 0.07/turn               (no ring)

@: lethally poisoned (-1 -> -11)
A: horns 2, retaliatory headbutt
a: no special abilities


You were on level 1 of the Dungeon.
You visited 1 branch of the dungeon, and saw 1 of its levels.

You collected 25 gold pieces.

Inventory:

Hand Weapons
 a - a +0 long sword (weapon)
Armour
 b - a +0 scale mail
 c - a +0 buckler (worn)
 e - a +0 plate armour (worn)
Jewellery
 g - a ring of flight
Potions
 d - a potion of might
 f - a potion of heal wounds {unknown}


   Skills:
 + Level 3.7 Fighting
 + Level 2.5 Long Blades
 + Level 3.8 Armour
 + Level 4.0 Shields


You couldn't memorise any spells.
You didn't know any spells.
Your spell library contained the following spells:

 Spells                   Type           Power      Damage    Failure   Level
 Slow                     Hex            0%         N/A       100%        1
 Confusing Touch          Hex            0%         N/A       100%        3
 Vampiric Draining        Necr           0%         2d6       100%        3


Dungeon Overview and Level Annotations

Branches:
Dungeon (1/15)

Altars:


Innate Abilities, Weirdness & Mutations

You have a pair of horns on your head.
You reflexively headbutt those who attack you in melee.


Message History

Found a whip.
An endoplasm and a quokka come into view.
You barely miss the quokka.
The quokka bites you but does no damage.
You slash the quokka!
You kill the quokka!
You slash the endoplasm!
You kill the endoplasm!
Your Shields skill increases to level 4!
A kobold comes into view.
It is wielding a +2 short sword of venom.
The kobold shouts!
The kobold throws a stone.
The stone hits you but does no damage.
You see here a quokka corpse.
The kobold throws a stone.
You block the stone.
A rat comes into view.
Found a small opal ring.
You closely miss the kobold.
The kobold hits you with a +2 short sword of venom.
You are poisoned.
You hit the kobold.
The kobold is moderately wounded.
You feel sick.
The kobold hits you with a +2 short sword of venom.
The rat barely misses you. The kobold completely misses you.
You closely miss the kobold.
The kobold is moderately wounded.
You feel sick. The rat bites you but does no damage.
The kobold hits you but does no damage.
You are lethally poisoned!
The rat bites you.
* * * LOW HITPOINT WARNING * * *
You feel very sick. The rat bites you but does no damage.
You barely miss the kobold.
You headbutt the kobold, but do no damage.
The kobold is moderately wounded.
* * * LOW HITPOINT WARNING * * *
You feel very sick.
The kobold hits you with a +2 short sword of venom.
You die...

# =# #. ..###
#. ....
..###...
.#)#.##
.....#
##r..##... #
#@K.....#
#.##.#.#.##
#...†###.##
#.##......#.#
#.....###.#.#
#####.# #.#.#
#.# #.#.# #.#
#.#.#
#.###.#.#


You could see a kobold and a rat.

Vanquished Creatures
  A ball python (D:1)
  An endoplasm (D:1)
  A quokka (D:1)
  A bat (D:1)
  A kobold (D:1)
  3 rats (D:1)
8 creatures vanquished.

Notes
Turn   | Place    | Note
-------+----------+-------------------------------------------
     0 | D:1      | GigaChad the Minotaur Fighter began the quest for the Orb.
     0 | D:1      | Reached XP level 1. HP: 19/19 MP: 0/0
   326 | D:1      | Reached skill level 4 in Shields
   333 | D:1      | Slain by a kobold

Illustrated notes

Levels and vault maps discovered:
D:1:      dpeg_arrival_rooms_b, layout_loops_ring, minmay_pentomino_u4

Skill      XL: |  1 |
---------------+----+-----
Shields        | 4 |  4.0
Fighting       | |  3.7
Long Blades    | |  2.5
Armour         | |  3.8

Action                   || total
-------------------------++-------
Melee: Long sword        ||    19
       Headbutt          ||     1
Armor: Plate armour      ||    12
Dodge: Dodged            ||     6
Block: Buckler           ||     3
